 Dungeon Crawl Stone Soup version 0.17-a0-1842-gacc33f2 (webtiles) character file.

2470 mcbry74 the Nimble (level 9, -8/67 HPs)
             Began as a Merfolk Transmuter on Sept 17, 2015.
             Was a Follower of Sif Muna.
             Mangled by an orc warrior
             ... wielding a +0 short sword
              (20 damage)
             ... on level 7 of the Dungeon.
             The game lasted 01:15:28 (10179 turns).

mcbry74 the Nimble (Merfolk Transmuter)            Turns: 10179, Time: 01:15:28

Health: -8/67      AC:  2    Str: 12    XL:     9   Next: 51%
Magic:  15/15      EV: 28    Int: 14    God:    Sif Muna [*.....]
Gold:   246        SH:  0    Dex: 17    Spells: 3 memorised, 8 levels left

rFire  . . .     SeeInvis .       - Unarmed
rCold  . . .     Clarity  .     (armour currently unavailable)
rNeg   . . .     SustAt   .     (shield currently unavailable)
rPois  x         Gourm    .     (helmet currently unavailable)
rElec  .         Spirit   .     (cloak currently unavailable)
rCorr  .         Warding  .     (gloves currently unavailable)
rMut   .         Stasis   .     (boots currently unavailable)
MR     .....                    (no amulet)
Stlth  +++.......               (no ring)
                                (no ring)

@: spider-form (expiring), drained, not resistant to hostile enchantments,
fairly stealthy
A: (change form in water), (swift swim), (slimy green scales 0), clumsy 1, spit
poison 1
a: Spit Poison, End Transformation, Channel Energy, Renounce Religion


You were on level 7 of the Dungeon.
You worshipped Sif Muna.
Sif Muna was aware of your devotion.
You were very hungry.
You were a venomous arachnid creature.
You visited 2 branches of the dungeon, and saw 9 of its levels.

You collected 246 gold pieces.

Inventory:

Armour
 b - a +1 robe (melded)
 h - a +0 pair of boots (melded)
 t - a +0 pair of gloves (melded)
 H - a +0 robe of cold resistance
Magical devices
 F - a wand of slowing (23)
Scrolls
 e - 2 scrolls of teleportation
 o - 4 scrolls of remove curse
 q - 6 scrolls of identify
 w - 3 scrolls of fear
 x - 4 scrolls of blinking
 A - 2 scrolls of random uselessness
 C - a scroll of amnesia
 D - a scroll of enchant armour
 G - a scroll of fog {unknown}
Potions
 f - 5 potions of curing
 g - 2 potions of flight
 i - a potion of resistance {unknown}
 j - a potion of poison {unknown}
 k - a potion of brilliance {unknown}
 l - a potion of agility {unknown}
 m - 2 potions of lignification {unknown}
 n - a potion of ambrosia {unknown}
 s - 4 potions of haste {unknown}
 v - a potion of degeneration {unknown}
 B - a potion of cancellation {unknown}
Books
 c - a book of Changes

   Spells                             Type                      Level
   a - Beastly Appendage              Transmutation                1
   b - Sticks to Snakes               Transmutation                2
   c - Spider Form                    Transmutation/Poison         3
   d - Ice Form                       Ice/Transmutation            4
   e - Blade Hands                    Transmutation                5
 u - a book of Minor Magic

   Spells                             Type                      Level
   a - Magic Dart                     Conjuration                  1
   b - Blink                          Translocation                2
   c - Call Imp                       Summoning                    2
   d - Repel Missiles                 Charms/Air                   2
   e - Slow                           Hexes                        2
   f - Conjure Flame                  Conjuration/Fire             3
   g - Mephitic Cloud                 Conjuration/Poison/Air       3
Comestibles
 d - 3 bread rations
 p - 3 meat rations
 z - 3 royal jellies
 E - a beef jerky


   Skills:
 - Level 4.9(4.8) Fighting
 - Level 9.0(8.8) Dodging
 + Level 3.2(3.1) Stealth
 + Level 7.0(6.8) Unarmed Combat
 * Level 4.4(4.3) Spellcasting
 * Level 5.7(5.5) Transmutations
 + Level 0.2(0.1) Ice Magic
 + Level 4.4(4.3) Poison Magic


You had 8 spell levels left.
You knew the following spells:

 Your Spells              Type           Power        Failure   Level  Hunger
a - Beastly Appendage     Trmt           ###...       8%          1    None
b - Ice Form              Ice/Trmt       ##......     87%         4    ####...
c - Spider Form           Trmt/Pois      ###.......   24%         3    ###....


Dungeon Overview and Level Annotations

Branches:
Dungeon (8/15)             Temple (1/1) D:4
   Lair: D:8-11

Altars:
Ashenzari
Cheibriados
Elyvilon
Fedhas
Gozag
Kikubaaqudgha
Nemelex Xobeh
Okawaru
Qazlal
Sif Muna
Trog
Vehumet
Yredelemnul


Innate Abilities, Weirdness & Mutations

((You revert to your normal form in water.))
((You are very nimble and swift while swimming.))
((You are partially covered in slimy green scales (AC +2).))
You are clumsy. (Dex -2)
You can spit weak poison.


Message History

The iguana misses you. The orc warrior completely misses you.
The orc wizard misses you.
You hit the orc wizard but do no damage.
The orc wizard is poisoned.
The orc wizard is severely wounded.
The orc warrior hits you with a short sword!
* * * LOW HITPOINT WARNING * * *
The iguana closely misses you.
The orc wizard gestures wildly while chanting.
The orc wizard seems to speed up.
The iguana completely misses you. The orc warrior barely misses you.
You climb upwards.
There is a stone staircase leading down here.
Drink which item? (? for menu, Esc to quit)
You feel better.
Your transformation is almost over.
The orc wizard hits you with a dagger.
* * * LOW HITPOINT WARNING * * *
The orc warrior hits you with a short sword!!
You die...

..#.).).#............# #...
.............>....##.#########†#.
#...###.......................)).
#....#.[.....#....#.......###.##.
#.#..[............#..##...# #.##.
#.###[#.....#.............###.##.
#.....#).##...................##.
.<.......#.....#ol........#######
..##..####.##..os.........#
...............######.....#
......########## #######
.....###### ..........##
..######...# ..####...###
#.##...### #.#...##


You could see an orc warrior, an iguana and an orc wizard.

Vanquished Creatures
  Eustachio (D:6)
  A hippogriff (D:7)
  2 black bears
  An ice beast (D:6)
  A phantom (D:6)
  A necrophage (D:5)
  3 ogres
  2 centaurs (D:6)
  2 giant frogs
  A scorpion (D:7)
  A crimson imp (D:7)
  8 wights (D:7)
  3 orc priests
  A jelly (D:7)
  A centaur zombie (D:7)
  4 hounds
  2 giant frog skeletons (D:7)
  3 iguanas
  An orc wizard (D:5)
  2 worker ants
  A hound zombie (D:6)
  2 hound skeletons
  A worker ant zombie (D:6)
  11 adders
  A shadow imp (D:7)
  5 oozes
  An adder skeleton (D:4)
  An adder zombie (D:6)
  8 worms
  6 giant geckos
  13 orcs
  7 giant cockroaches
  10 goblins
  12 hobgoblins
  20 jackals
  9 kobolds
  5 quokkas
  4 ball pythons
  11 bats
  A giant gecko zombie (D:5)
  3 giant newts
  2 quokka skeletons (D:6)
  12 rats
187 creatures vanquished.

Notes
Turn   | Place    | Note
--------------------------------------------------------------
     0 | D:1      | mcbry74 the Merfolk Transmuter began the quest for the Orb.
     0 | D:1      | Reached XP level 1. HP: 15/15 MP: 3/3
   181 | D:1      | Reached XP level 2. HP: 21/21 MP: 3/5
   274 | D:1      | Learned a level 2 spell: Sticks to Snakes
   648 | D:1      | Reached XP level 3. HP: 19/26 MP: 6/6
   655 | D:1      | Learned a level 3 spell: Spider Form
  1512 | D:2      | Reached skill level 4 in Unarmed Combat
  1512 | D:2      | Reached XP level 4. HP: 32/32 MP: 3/7
  2097 | D:2      | Reached skill level 1 in Poison Magic
  2265 | D:2      | Reached XP level 5. HP: 34/38 MP: 4/8
  2632 | D:2      | Found a stormy altar of Qazlal.
  3948 | D:3      | Learned a level 4 spell: Ice Form
  4038 | D:3      | Reached XP level 6. HP: 31/44 MP: 4/10
  4176 | D:4      | Gained mutation: You can spit weak poison. [mutagenic glow]
  4229 | D:4      | Gained mutation: You are clumsy. (Dex -2) [mutagenic glow]
  4312 | D:4      | Found a staircase to the Ecumenical Temple.
  4330 | Temple   | Entered the Ecumenical Temple
  4362 | Temple   | Became a worshipper of Sif Muna the Loreminder
  4472 | D:4      | Reached skill level 5 in Dodging
  4649 | D:4      | Found an opulent altar of Gozag.
  5402 | D:5      | Entered Level 5 of the Dungeon
  5747 | D:5      | Found a blossoming altar of Fedhas.
  5763 | D:5      | Reached XP level 7. HP: 47/50 MP: 7/11
  6007 | D:5      | Found a white marble altar of Elyvilon.
  6242 | D:5      | Reached skill level 6 in Dodging
  6242 | D:5      | Reached skill level 5 in Unarmed Combat
  6350 | D:5      | Reached skill level 1 in Stealth
  7345 | D:6      | Reached XP level 8. HP: 57/57 MP: 10/13
  7613 | D:6      | Gained mutation: You are partially covered in slimy green scales (AC +2). [potion of beneficial mutation]
  7648 | D:6      | Acquired Sif Muna's first power
  7775 | D:6      | Noticed Eustachio
  7819 | D:6      | Killed Eustachio
  7819 | D:6      | Reached skill level 7 in Dodging
  7976 | D:7      | Found an iron altar of Okawaru.
  7997 | D:7      | Reached skill level 5 in Transmutations
  8458 | D:6      | Reached XP level 9. HP: 37/65 MP: 11/15
  8705 | D:7      | Reached skill level 8 in Dodging
  8873 | D:7      | Found an ancient bone altar of Kikubaaqudgha.
  9326 | D:7      | Found a radiant altar of Vehumet.
 10059 | D:7      | Reached skill level 9 in Dodging
 10176 | D:8      | HP: 3/67 [orc warrior/short sword (12)]
 10179 | D:7      | Mangled by an orc warrior

Vault maps used:
D:1:      erik_arrival_gehennom, minmay_misc_feat_secret_circle,
          hangedman_decor_slide_cut
D:2:      nicolae_qazlal_general_emergency, minmay_joined_circles
D:4:      nicolae_gozag_seed_capital, temple_green, kennysheep_generic_room_3
D:5:      black_bear_nest_2, nicolae_overflow_hidden_temple,
          lemuel_doored_altar, first_bread
D:6:      uniq_eustachio
D:7:      okawaru_ov_weapons_minmay, vehumet_crystals, lemuel_round_altar,
          serial_curves, eino_curves_01, eino_curves_03, serial_bayou_crossing
D:8:      old_standard_altar, nicolae_ru_awakened_eye, grunt_dithmenos_smoke,
          old_standard_altar, nicolae_overflow_crystal_walls,
          erik_lair_orcish_takeover, grunt_livestock, grunt_tough_drop
Temple:   nicolae_temple_great_sept

Action                   |  1- 3 |  4- 6 |  7- 9 || total
-------------------------+-------+-------+-------++-------
Melee: Unarmed           |   103 |   256 |   293 ||   652
 Cast: Beastly Appendage |     7 |     1 |     4 ||    12
       Sticks to Snakes  |     2 |       |       ||     2
       Spider Form       |     8 |    34 |    28 ||    70
 Abil: Spit Poison       |       |       |     1 ||     1
  Use: Scroll            |     5 |       |     8 ||    13
       Potion            |       |       |     5 ||     5
 Stab: Sleeping          |     1 |     1 |     2 ||     4
  Eat: Chunk             |     3 |     6 |     3 ||    12
       Bread ration      |       |     2 |     3 ||     5
       Meat ration       |       |     1 |       ||     1
       Beef jerky        |       |     1 |       ||     1
